 Dungeon Crawl Stone Soup version 0.29-a0-284-gf9362112df (webtiles) character file.

Game seed: 772450932041928384

18 sammy202020 the Skirmisher (level 2, 0/36 HPs)
             Began as a Demonspawn Berserker on Mar 23, 2022.
             Was a Follower of Trog.
             Succumbed to Terence's poison
             ... on level 2 of the Dungeon.
             The game lasted 00:01:18 (653 turns).

sammy202020 the Skirmisher (Demonspawn Berserker)    Turns: 653, Time: 00:01:18

Health: 0/36       AC:  8    Str: 23    XL:     2   Next: 51%
Magic:  2/2        EV:  8    Int:  8    God:    Trog [*.....]
Gold:   59         SH:  0    Dex: 12    Spells: 1/1 levels left

rFire   . . .      SeeInvis .   a - +0 hand axe
rCold   . . .      Faith    .   (no shield)
rNeg    . . .      Spirit   .   f - +0 chain mail {rPois}
rPois   +          Reflect  .   (helmet restricted)
rElec   .          Harm     .   (no cloak)
rCorr   .          Rampage  .   (no gloves)
Will    .....                   (no boots)
Stlth   ..........              (no amulet)
HPRegen 0.12/turn               d - +6 ring of strength
MPRegen 0.08/turn               (no ring)

@: berserking, lethally poisoned (0 -> -25), very quick
A: horns 1
a: Renounce Religion, Berserk


You were on level 2 of the Dungeon.
You worshipped Trog.
Trog was aware of your devotion.
You visited 1 branch of the dungeon, and saw 2 of its levels.

You collected 59 gold pieces.

Inventory:

Hand Weapons
 a - a +0 hand axe (weapon)
Missiles
 j - 5 curare-tipped darts (quivered)
Armour
 b - a +0 animal skin
 f - a +0 chain mail of poison resistance (worn)
Jewellery
 d - a +6 ring of strength (left hand)
Scrolls
 g - a scroll of teleportation {unknown}
 h - a scroll of vulnerability {unknown}
 i - a scroll of identify {unknown}
Potions
 c - 2 potions of flight {unknown}
 e - 2 potions of heal wounds {unknown}


   Skills:
 * Level 3.2 Fighting
 * Level 2.9 Axes
 * Level 2.1 Armour
 + Level 2.0 Dodging


You had one spell level left.
You didn't know any spells.
Your spell library was empty.

Dungeon Overview and Level Annotations

Branches:
Dungeon (2/15)

Altars:

Shops:
D:1 [

Annotations:
D:2 Terence


Innate Abilities, Weirdness & Mutations

You have a pair of small horns on your head.


Message History

Terence hits you with a +3 hand axe of venom.
You closely miss Terence. Terence hits you but does no damage.
You hit Terence but do no damage. You headbutt Terence.
Terence is moderately wounded.
You completely miss the giant cockroach.
Terence hits you with a +3 hand axe of venom.
The giant cockroach bites you but does no damage.
You hit Terence but do no damage.
Terence is moderately wounded.
You hit the giant cockroach but do no damage.
The giant cockroach bites you.
Terence hits you with a +3 hand axe of venom.
You are lethally poisoned!
You are too injured to fight recklessly!
You are too injured to fight recklessly!
You are too injured to fight recklessly!
You are too injured to fight recklessly!
You are too injured to fight recklessly!
You are too injured to fight recklessly!
You are too injured to fight recklessly!
You are too injured to fight recklessly!
You are too injured to fight recklessly!
You are too injured to fight recklessly!
You are too injured to fight recklessly!
You are too injured to fight recklessly!
You are too injured to fight recklessly!
Unknown command.
A red film seems to cover your vision as you go berserk!
You feel yourself moving faster!
You feel mighty!
* * * LOW HITPOINT WARNING * * *
You feel very sick.
The giant cockroach bites you but does no damage.
Terence looks scornfully at you.
Terence hits you with a +3 hand axe of venom.
* * * LOW HITPOINT WARNING * * *
You are more poisoned.
You barely miss Terence. Your headbutt misses Terence.
Terence is lightly wounded.
You hit the giant cockroach.
You die...

#+##
##...##
##.....##
##.......##
#..>......#
+.........+
#.<>B.....#
##.@@....#
##.....##
##.?.##
#+##


You could see Terence and a giant cockroach.

Vanquished Creatures
  2 dart slugs (D:1)
  2 goblins (D:1)
  3 hobgoblins (D:1)
  A quokka (D:1)
  A ball python (D:1)
  A frilled lizard (D:1)
  A kobold (D:1)
  4 rats (D:1)
15 creatures vanquished.

Vanquished Creatures (others)
  5 toadstools (D:1)
5 creatures vanquished.

Grand Total: 20 creatures vanquished

Notes
Turn   | Place    | Note
-------+----------+-------------------------------------------
     0 | D:1      | sammy202020 the Demonspawn Berserker began the quest for
                  | the Orb.
     0 | D:1      | Reached XP level 1. HP: 18/18 MP: 1/1
    21 | D:1      | Found a faded altar of an unknown god.
   313 | D:1      | Found Terits's Armour Shop.
   316 | D:1      | Gained mutation: You have a pair of small horns on your
                  | head. [demonic ancestry]
   316 | D:1      | Reached XP level 2. HP: 24/24 MP: 2/2
   646 | D:2      | Noticed Terence
   653 | D:2      | Succumbed to Terence's poison

Illustrated notes

Levels and vault maps discovered:
D:1:      ldierk_walled_garden, layout_basic, serial_shops, nicolae_square_shop,
          chequers_ecumenical_altar_island
D:2:      layout_loops_corners, minivault_23, uniq_terence

Skill      XL: |  1  2 |
---------------+-------+-----
Armour         | 2 |  2.1
Dodging        | 2 |  2.0
Fighting       | |  3.2
Axes           | |  2.9

Action                   || total
-------------------------++-------
Melee: Hand axe          ||    30
       Headbutt          ||     4
       Punch             ||     1
Invok: Berserk           ||     2
Armor: Chain mail        ||    13
Dodge: Dodged            ||     4

Table legend: (Time is in decaauts)
 A = Elapsed time spent in this place.
 B = Non-inter-level travel time spent in this place.
 C = Inter-level travel time spent in this place.
 D = Time resting spent in this place.
 E = Time spent auto-exploring this place.
 F = Levels seen in this place.
 G = Mean time per level.
                   A        B        C        D        E       F      G
               +--------+--------+--------+--------+--------+-----+--------+
         Total |    673 |    668 |      5 |      2 |    553 |   2 |  336.5 |
       Dungeon |    673 |    668 |      5 |      2 |    553 |   2 |  336.5 |
               +--------+--------+--------+--------+--------+-----+--------+

Top non-repeatable levels by time:
     D:1: 666 daAuts
     D:2: 7 daAuts
